 Dungeon Crawl Stone Soup version 0.21-a0-344-g2144152 (webtiles) character file.

2672 ThermosAquaticus the Insei (level 9, -13/68 HPs)
             Began as a Gnoll Transmuter on Oct 4, 2017.
             Was an Initiate of Cheibriados.
             Killed from afar by graki42's ghost (37 damage)
             ... with a fireball
             ... on level 7 of the Dungeon.
             The game lasted 00:18:59 (6627 turns).

ThermosAquaticus the Insei (Gnoll Transmuter)       Turns: 6627, Time: 00:19:00

Health: -13/68     AC:  2    Str: 14    XL:     9   Next: 63%
Magic:  28/28      EV: 27    Int: 19    God:    Cheibriados [......]
Gold:   77         SH:  0    Dex: 22    Spells: 11/21 levels left

rFire    . . .     SeeInvis .     - Unarmed
rCold    . . .     Gourm    .   (shield currently unavailable)
rNeg     . . .     Faith    .   (armour currently unavailable)
rPois    x         Spirit   .   (helmet currently unavailable)
rElec    .         Reflect  .   (cloak currently unavailable)
rCorr    .         Harm     .   (gloves currently unavailable)
MR       .....                  (boots currently unavailable)
Stlth    +++.......             (no amulet)
HPRegen  0.21/turn              I - ring of magical power
MPRegen  0.21/turn              (no ring)

@: spider-form, very slow
A: distributed training, strong nose
a: End Transformation, Bend Time, Renounce Religion


You were on level 7 of the Dungeon.
You worshipped Cheibriados.
Cheibriados was noncommittal.
You were not hungry.
You were a venomous arachnid creature.
You visited 2 branches of the dungeon, and saw 8 of its levels.

You collected 272 gold pieces.
You spent 195 gold pieces at shops.

Inventory:

Hand Weapons
 t - a +0 whip of electrocution
 B - the +7 spear of Salt {venom, rN+ Str-5 Dex+4, unknown}
   (You found it on level 5 of the Dungeon)

   It poisons the flesh of those it strikes.
   It affects your strength (-5).
   It affects your dexterity (+4).
   It protects you from negative energy.
Missiles
 a - 146 arrows
 r - 26 javelins (quivered)
 F - a throwing net
Armour
 b - a +0 robe (melded)
 j - a +0 cloak (melded)
 q - a +0 scale mail
 s - a +0 ring mail
 x - a +1 hat (melded)
 D - a +2 pair of boots (melded)
 E - a +0 pair of gloves (melded)
Magical Staves
 m - an uncursed staff of cold {unknown}
Jewellery
 I - a ring of magical power (left front leg)
Wands
 i - a wand of lightning (7/15)
 K - a wand of digging (13/24)
Scrolls
 f - 2 scrolls of fog {unknown}
 h - 5 scrolls of remove curse
 k - 2 scrolls of immolation {unknown}
 n - 3 scrolls of recharging {unknown}
 p - a scroll of teleportation {unknown}
 y - a scroll of magic mapping {unknown}
 z - 3 scrolls of amnesia {unknown}
 A - a scroll of silence {unknown}
 C - a scroll of enchant weapon {unknown}
 G - 2 scrolls of identify
Potions
 e - a potion of agility
 g - 2 potions of flight
 u - a potion of magic
 w - 2 potions of berserk rage
Books
 c - a book of Changes

   Spells                             Type                      Level
   a - Beastly Appendage              Transmutation                1
   b - Sticks to Snakes               Transmutation                2
   c - Spider Form                    Transmutation/Poison         3
   d - Ice Form                       Ice/Transmutation            4
   e - Blade Hands                    Transmutation                5
Comestibles
 d - 7 bread rations
 l - a royal jelly
 o - 2 fruits
 v - 2 meat rations
 J - 4 chunks of flesh


   Skills:
 + Level 5.1 Fighting
 + Level 4.3 Short Blades
 + Level 4.3 Long Blades
 + Level 4.3 Axes
 + Level 4.3 Maces & Flails
 + Level 4.3 Polearms
 + Level 4.3 Staves
 + Level 4.3 Slings
 + Level 4.3 Bows
 + Level 4.3 Crossbows
 + Level 4.3 Throwing
 + Level 4.3 Armour
 + Level 6.4 Dodging
 + Level 4.3 Stealth
 + Level 4.3 Shields
 + Level 7.9 Unarmed Combat
 + Level 6.7 Spellcasting
 + Level 4.3 Conjurations
 + Level 4.3 Hexes
 + Level 4.3 Charms
 + Level 4.3 Summonings
 + Level 4.3 Necromancy
 + Level 4.3 Translocations
 + Level 6.4 Transmutations
 + Level 4.3 Fire Magic
 + Level 4.3 Ice Magic
 + Level 4.3 Air Magic
 + Level 4.3 Earth Magic
 + Level 4.3 Poison Magic
 + Level 4.3 Invocations
 + Level 4.3 Evocations


You had 11 spell levels left.
You knew the following spells:

 Your Spells              Type           Power        Failure   Level  Hunger
a - Beastly Appendage     Tmut           ####..       4%          1    None
b - Sticks to Snakes      Tmut           ####....     5%          2    None
c - Spider Form           Tmut/Pois      ####......   11%         3    ##.....
d - Ice Form              Ice/Tmut       ####....     26%         4    ####...


Dungeon Overview and Level Annotations

Branches:
Dungeon (7/15)             Temple (1/1) D:5

Altars:
Cheibriados
Elyvilon
Fedhas
Gozag
Hepliaklqana
Kikubaaqudgha
Nemelex Xobeh
Okawaru
Ru
Sif Muna
Uskayaw
Vehumet
Wu Jian
Xom
Zin
The Shining One
Lugonu

Shops:
D:7 [

Annotations:
D:5 exclusion: moth of wrath
D:7 exclusion: statue, graki42's ghost, novice DEFE


Innate Abilities, Weirdness & Mutations

Your experience applies equally to all skills.
((You have very sharp teeth.))
Your uncanny sense of smell can sniff out nearby items.


Message History

Graki42's ghost completely misses you.
You hit graki42's ghost but do no damage.
Graki42's ghost is severely damaged.
You are covered in liquid flames!
Graki42's ghost barely misses you.
You barely miss graki42's ghost.
Graki42's ghost is severely damaged.
Graki42's ghost completely misses you.
You hit graki42's ghost.
Graki42's ghost is severely damaged.
Graki42's ghost hits you.
You completely miss graki42's ghost.
Graki42's ghost is severely damaged.
Graki42's ghost hits you.
You hit graki42's ghost.
Graki42's ghost is severely damaged.
Graki42's ghost points at you and mumbles some strange words.
The fireball explodes!
The fireball engulfs you!
Ouch! That really hurt!
You die...

##.....# ......#.####.....#
.......# 8._........#.....#
......# #....#.....#
......#########....+.....'
###########...........####.....#
.............#...#.........#####
.............#...#.........#....
.............#...#.........#....
......<......#.s.#.........#....
.............#.W.#.........#....
......|......'...#.........#....
.............#+###....)....#....
##########.................###..
#........###'##########
#........#..........#
#........#..........#
#........#..........#


You could see graki42's ghost.

Vanquished Creatures
  Pikel (D:4)
  An orc warrior (D:4)
  An ice beast (D:6)
  A sky beast (D:6)
  2 slaves (D:4)
  A phantom (D:3)
  4 ogres
  2 centaurs (D:6)
  4 bullfrogs
  A gnoll sergeant (D:6)
  A scorpion (D:2)
  A howler monkey (D:4)
  A crimson imp (D:5)
  A bullfrog zombie (D:6)
  A jelly (D:6)
  7 hounds
  2 orc priests (D:3)
  A centaur skeleton (D:4)
  An iron imp (D:6)
  4 orc wizards
  3 iguanas
  3 worker ants
  2 hound zombies
  A hound skeleton (D:5)
  2 howler monkey zombies
  7 adders
  3 gnolls
  An ooze (D:5)
  An adder skeleton (D:4)
  5 worms
  2 dart slugs
  6 leopard geckos
  16 orcs
  4 giant cockroaches
  7 goblins
  7 hobgoblins
  8 jackals
  6 kobolds
  A quokka (D:5)
  8 ball pythons
  8 bats
  A frilled lizard (D:4)
  A giant cockroach zombie (D:5)
  13 rats
154 creatures vanquished.

Vanquished Creatures (collateral kills)
  A gnoll (D:6)
  A goblin (D:3)
2 creatures vanquished.

Grand Total: 156 creatures vanquished

Notes
Turn   | Place    | Note
-------+----------+-------------------------------------------
     0 | D:1      | ThermosAquaticus the Gnoll Transmuter began the quest for the Orb.
     0 | D:1      | Reached XP level 1. HP: 17/17 MP: 6/6
    90 | D:1      | Reached XP level 2. HP: 23/23 MP: 7/7
   358 | D:1      | Reached XP level 3. HP: 15/28 MP: 9/9
   366 | D:1      | Learned a level 2 spell: Sticks to Snakes
   370 | D:1      | Learned a level 3 spell: Spider Form
   551 | D:1      | Reached skill level 5 in Spellcasting
   796 | D:2      | Found a white marble altar of Elyvilon.
   799 | D:2      | Noticed a scorpion
   816 | D:2      | Killed a scorpion
   816 | D:2      | Reached skill level 1 in Short Blades
   816 | D:2      | Reached skill level 1 in Long Blades
   816 | D:2      | Reached skill level 1 in Axes
   816 | D:2      | Reached skill level 1 in Maces & Flails
   816 | D:2      | Reached skill level 1 in Polearms
   816 | D:2      | Reached skill level 1 in Staves
   816 | D:2      | Reached skill level 1 in Slings
   816 | D:2      | Reached skill level 1 in Bows
   816 | D:2      | Reached skill level 1 in Crossbows
   816 | D:2      | Reached skill level 1 in Throwing
   816 | D:2      | Reached skill level 1 in Armour
   816 | D:2      | Reached skill level 1 in Stealth
   816 | D:2      | Reached skill level 1 in Shields
   816 | D:2      | Reached skill level 1 in Conjurations
   816 | D:2      | Reached skill level 1 in Hexes
   816 | D:2      | Reached skill level 1 in Charms
   816 | D:2      | Reached skill level 1 in Summonings
   816 | D:2      | Reached skill level 1 in Necromancy
   816 | D:2      | Reached skill level 1 in Translocations
   816 | D:2      | Reached skill level 1 in Fire Magic
   816 | D:2      | Reached skill level 1 in Ice Magic
   816 | D:2      | Reached skill level 1 in Air Magic
   816 | D:2      | Reached skill level 1 in Earth Magic
   816 | D:2      | Reached skill level 1 in Poison Magic
   816 | D:2      | Reached skill level 1 in Invocations
   816 | D:2      | Reached skill level 1 in Evocations
   816 | D:2      | Reached XP level 4. HP: 7/34 MP: 11/11
  1717 | D:2      | Reached XP level 5. HP: 40/40 MP: 12/12
  2581 | D:3      | Found a sacrificial altar of Ru.
  2612 | D:3      | Reached XP level 6. HP: 46/47 MP: 10/13
  2615 | D:3      | Noticed a phantom
  2633 | D:3      | Killed a phantom
  2633 | D:3      | Reached skill level 5 in Dodging
  2633 | D:3      | Reached skill level 5 in Transmutations
  3277 | D:4      | Noticed a slave
  3278 | D:4      | Noticed Pikel
  3279 | D:4      | Noticed a slave
  3282 | D:4      | Killed a slave
  3284 | D:4      | Noticed a slave
  3298 | D:4      | Noticed a slave
  3301 | D:4      | Killed Pikel
  3301 | D:4      | Reached skill level 7 in Unarmed Combat
  3301 | D:4      | Reached XP level 7. HP: 34/53 MP: 13/15
  3301 | D:4      | Reached XP level 8. HP: 39/60 MP: 13/16
  3908 | D:4      | Found an opulent altar of Gozag.
  3908 | D:4      | Found a sparkling altar of Nemelex Xobeh.
  4069 | D:5      | Entered Level 5 of the Dungeon
  4379 | D:5      | Found a staircase to the Ecumenical Temple.
  4501 | Temple   | Entered the Ecumenical Temple
  4627 | D:5      | Noticed a moth of wrath
  4698 | D:5      | Got an ivory spear
  4847 | D:5      | Found an ornate altar of the Wu Jian Council.
  4888 | D:5      | Found an iron altar of Okawaru.
  5164 | D:6      | Reached XP level 9. HP: 63/66 MP: 12/18
  5180 | D:6      | Found a glowing silver altar of Zin.
  5468 | D:6      | Found a deep blue altar of Sif Muna.
  5886 | D:6      | Reached skill level 5 in Fighting
  6171 | D:6      | Learned a level 4 spell: Ice Form
  6263 | D:6      | Found a snail-covered altar of Cheibriados.
  6304 | D:6      | Became a worshipper of Cheibriados the Contemplative
  6431 | D:7      | Found Horuemeo's Antique Armour Emporium.
  6439 | D:7      | Bought a pair of embroidered boots for 195 gold pieces
  6553 | D:7      | Found a radiant altar of Vehumet.
  6608 | D:7      | Noticed graki42's ghost (novice DEFE)
  6627 | D:7      | Killed from afar by graki42's ghost

Vault maps used:
D:1:      tarquinn_simple_flora_water_d, minmay_statues_item
D:2:      nicolae_overflow_crystal_walls, first_bread, kennysheep_big_empty_room
D:3:      nicolae_ru_the_path_less_chosen
D:4:      grunt_temple_overflow_opulence, uniq_pikel
D:5:      okawaru_gym_becter, tgw_trog, kennysheep_mini,
          minmay_temple_entry_hall
D:6:      lemuel_blue_sif_altar, kennysheep_mini_moat, slow_altar_2
D:7:      vehumet_statue, serial_shops, nicolae_shop_trees
Temple:   corrupted_temple

Skill      XL: |  1  2  3  4  5  6  7  8  9 |
---------------+----------------------------+-----
Spellcasting   | 5 6 |  6.7
Short Blades   | 1 2 3 4 |  4.3
Long Blades    | 1 2 3 4 |  4.3
Axes           | 1 2 3 4 |  4.3
Maces & Flails | 1 2 3 4 |  4.3
Polearms       | 1 2 3 4 |  4.3
Staves         | 1 2 3 4 |  4.3
Slings         | 1 2 3 4 |  4.3
Bows           | 1 2 3 4 |  4.3
Crossbows      | 1 2 3 4 |  4.3
Throwing       | 1 2 3 4 |  4.3
Armour         | 1 2 3 4 |  4.3
Stealth        | 1 2 3 4 |  4.3
Shields        | 1 2 3 4 |  4.3
Conjurations   | 1 2 3 4 |  4.3
Hexes          | 1 2 3 4 |  4.3
Charms         | 1 2 3 4 |  4.3
Summonings     | 1 2 3 4 |  4.3
Necromancy     | 1 2 3 4 |  4.3
Translocations | 1 2 3 4 |  4.3
Fire Magic     | 1 2 3 4 |  4.3
Ice Magic      | 1 2 3 4 |  4.3
Air Magic      | 1 2 3 4 |  4.3
Earth Magic    | 1 2 3 4 |  4.3
Poison Magic   | 1 2 3 4 |  4.3
Invocations    | 1 2 3 4 |  4.3
Evocations     | 1 2 3 4 |  4.3
Fighting       | 3 4 5 |  5.1
Dodging        | 5 6 |  6.4
Transmutations | 5 6 |  6.4
Unarmed Combat | 7 |  7.9

Action                   |  1- 3 |  4- 6 |  7- 9 || total
-------------------------+-------+-------+-------++-------
Melee: Unarmed           |    80 |   188 |   260 ||   528
       Bite              |     5 |     9 |     6 ||    20
       Punch             |       |     6 |     1 ||     7
 Cast: Spider Form       |       |    10 |    23 ||    33
       Sticks to Snakes  |       |     3 |     2 ||     5
       Ice Form          |       |       |     1 ||     1
  Use: Potion            |     1 |     1 |     1 ||     3
       Scroll            |       |       |     7 ||     7
 Stab: Sleeping          |       |     3 |     8 ||    11
       Distracted        |       |       |     1 ||     1
  Eat: Chunk             |       |     8 |    12 ||    20
Armor: Robe              |    11 |    19 |     5 ||    35
       Skin              |       |       |     9 ||     9
Dodge: Dodged            |    57 |   122 |   232 ||   411

Table legend:
 A = Spawn XP
 B = Non-spawn XP
 C = Spawn XP percentage of total XP
 D = Spawn monster count
 E = Non-spawn monster count
 F = Spawn count percentage of total count
 G = Total turns spent on level
                    A         B        C        D         E        F      G
               +---------+---------+-------+---------+---------+-------+---------
         Total |       0 |    3818 |   0.0 |       0 |     154 |   0.0 |  6627
               +---------+---------+-------+---------+---------+-------+---------
           D:1 |       0 |      45 |   0.0 |       0 |      20 |   0.0 |   799
           D:2 |       0 |     124 |   0.0 |       0 |      23 |   0.0 |  1406
           D:3 |       0 |     347 |   0.0 |       0 |      34 |   0.0 |   971
           D:4 |       0 |    1114 |   0.0 |       0 |      19 |   0.0 |   893
           D:5 |       0 |     668 |   0.0 |       0 |      24 |   0.0 |  1029
           D:6 |       0 |    1309 |   0.0 |       0 |      29 |   0.0 |  1235
           D:7 |       0 |     211 |   0.0 |       0 |       5 |   0.0 |   238
               +---------+---------+-------+---------+---------+-------+---------
